 Dungeon Crawl Stone Soup version 0.24.0-1-gfbc8707122 (webtiles) character file.

Game seed: 11545256494500542494, levelgen mode: deterministic

2926 Aronfury the Fighter (level 9, -10/86 HPs)
             Began as a Troll Chaos Knight on Oct 25, 2019.
             Was a Plaything of Xom.
             Shot with an arrow by a centaur (11 damage)
             ... on level 8 of the Dungeon.
             The game lasted 00:48:18 (7058 turns).

Aronfury the Fighter (Troll Chaos Knight)           Turns: 7058, Time: 00:48:21

Health: -10/86     AC:  9    Str: 24    XL:     9   Next: 50%
Magic:  8/8        EV: 10    Int:  9    God:    Xom [..*...]
Gold:   358        SH:  0    Dex:  9    Spells: 8/8 levels left

rFire    . . .     SeeInvis +     - Unarmed
rCold    . . .     Gourm    +   (no shield)
rNeg     . . .     Faith    .   a - +2 robe
rPois    +         Spirit   .   (helmet restricted)
rElec    .         Reflect  .   (no cloak)
rCorr    .         Harm     .   (gloves unavailable)
MR       +....                  (boots unavailable)
Stlth    +.........             (no amulet)
HPRegen  0.64/turn              (no ring)
MPRegen  0.11/turn              (no ring)

@: drained
A: large, unfitting armour, claws 3, hooves 1, slimy green scales 1, see
invisible, clumsy 1, deformed body, fast metabolism 3, frail 1, gourmand, magic
resistance 1, poison resistance, regeneration 1, shaggy fur 1, strong 1, tough
skin 3
a: Renounce Religion


You were on level 8 of the Dungeon.
You worshipped Xom.
You were a toy of Xom.
You were not hungry.

You visited 1 branch of the dungeon, and saw 8 of its levels.

You collected 358 gold pieces.

Inventory:

Armour
 a - a +2 robe (worn)
Jewellery
 f - a cursed ring of attention {unknown}
 o - an uncursed ring of protection from magic {unknown}
 p - an uncursed ring of resist corrosion {unknown}
 q - an uncursed ring of stealth {unknown}
 v - a +2 ring of dexterity {unknown}
 w - an uncursed ring of wizardry {unknown}
 y - an uncursed ring of see invisible {unknown}
Scrolls
 i - 5 scrolls of teleportation {unknown}
 j - 4 scrolls of enchant armour {unknown}
 k - a scroll of fear {unknown}
 m - 5 scrolls of remove curse {unknown}
 n - 7 scrolls of identify {unknown}
 s - a scroll of immolation {unknown}
 u - a scroll of holy word {unknown}
 x - a scroll of enchant weapon {unknown}
 B - a scroll of blinking {unknown}
Potions
 c - a potion of haste {unknown}
 d - 2 potions of lignification {unknown}
 e - 2 potions of flight {unknown}
 g - 2 potions of might {unknown}
 l - a potion of mutation {unknown}
 t - 3 potions of degeneration {unknown}
 z - a potion of heal wounds {unknown}
 A - 2 potions of agility {unknown}
Comestibles
 b - 11 rations


   Skills:
 * Level 8.3(7.1) Fighting
 - Level 3.4(2.4) Armour
 - Level 4.2(3.2) Dodging
 - Level 0.3(0.0) Stealth
 - Level 7.3(6.2) Unarmed Combat


You had 8 spell levels left.
You didn't know any spells.
Your spell library was empty.

Dungeon Overview and Level Annotations

Branches:
Dungeon (8/15)             Temple (0/1) D:5
   Lair: D:8-11

Altars:
Cheibriados
Nemelex Xobeh
Sif Muna
Wu Jian
Xom

Shops:
D:6 }


Innate Abilities, Weirdness & Mutations

You are too large for most types of armour.
You have claws for hands.
Your metabolism is lightning-fast.
You like to eat raw meat.
Your natural rate of healing is unusually fast.
You are covered in fur. (AC +1)
You have extremely tough skin. (AC +3)
You have large cloven feet.
You are partially covered in slimy green scales. (AC +2)
You have supernaturally acute eyesight. (SInv)
You are clumsy. (Dex -2)
Armour fits poorly on your strangely shaped body.
You are frail. (-10% HP)
You are resistant to hostile enchantments. (MR+)
Your system is resistant to poisons. (rPois)
Your muscles are strong. (Str +2)


Message History

You kill the howler monkey!
The centaur shoots an arrow.
The arrow hits you.
A centaur comes into view.
The centaur shouts!
The centaur wields a +0 shortbow.
The centaur shoots an arrow.
The arrow barely misses you.
The centaur shoots an arrow.
The arrow hits you.
The centaur shoots an arrow.
The arrow hits you but does no damage.
You see here 2 arrows.
The centaur shoots an arrow.
The arrow hits you!
The centaur shoots an arrow.
The arrow hits you but does no damage.
You see here 4 arrows.
The centaur shoots an arrow.
The arrow hits you!
* * * LOW HITPOINT WARNING * * *
A centaur comes into view.
The centaur shoots an arrow.
The arrow hits you!
* * * LOW HITPOINT WARNING * * *
Xom roars with laughter!
The centaur shoots an arrow.
The arrow hits you!
You die...
Xom chuckles heartily!

##### #...#
#########<..#
#.......#(..#
#...:...#...#
#.>.....#...#
#.......#...##
#......†(....#
#.....(((@...#
#.............#
#.......#.........
#.......##.....$?.
##########.c...#..
#.....#.. #....cc.
.......#


You could see 3 centaurs.

Vanquished Creatures
  Pikel (D:4)
  Duvessa (D:6)
  A water moccasin (D:7)
  A black bear (D:7)
  2 sky beasts
  An ice beast (D:6)
  3 ogres
  A phantom (D:4)
  2 centaurs
  A big kobold (D:7)
  A scorpion (D:3)
  7 wights (D:7)
  4 howler monkeys
  A jelly (D:6)
  2 crimson imps
  2 centaur skeletons
  3 hounds
  2 orc wizards
  3 iguanas
  7 worker ants
  7 gnolls
  4 adders
  3 shadow imps
  An adder zombie (D:5)
  A worm (D:4)
  4 dart slugs
  3 leopard geckos
  14 orcs
  5 bats
  5 giant cockroaches
  8 hobgoblins
  17 jackals
  12 kobolds
  3 quokkas
  2 ball pythons
  A ball python skeleton (D:4)
  6 frilled lizards
  6 goblins
  A quokka skeleton (D:5)
  7 rats
  A bush (D:1)
  A plant (D:1)
158 creatures vanquished.

Vanquished Creatures (collateral kills)
  Edmund (D:6)
  Dowan (D:6)
2 creatures vanquished.

Vanquished Creatures (others)
  An orc (D:3)
1 creature vanquished.

Grand Total: 161 creatures vanquished

Notes
Turn   | Place    | Note
-------+----------+-------------------------------------------
     0 | D:1      | Aronfury the Troll Chaos Knight began the quest for the
                  | Orb.
     0 | D:1      | Reached XP level 1. HP: 22/22 MP: 0/0
   100 | D:1      | Reached XP level 2. HP: 29/29 MP: 1/1
   244 | D:1      | XOM: divination: detect items
   558 | D:1      | XOM: mild Tmut miscast
  1073 | D:1      | XOM: harmless Fire miscast
  1168 | D:1      | XOM: cloud trail
  1221 | D:1      | XOM: mild Hex miscast
  1342 | D:2      | XOM: cast spell 'Call Canine Familiar'
  1344 | D:2      | Reached XP level 3. HP: 36/36 MP: 2/2
  1451 | D:2      | XOM: potion effect (haste)
  1569 | D:2      | XOM is BORED!
  1569 | D:2      | XOM: give mutations
  1569 | D:2      | Gained mutation: Your system is resistant to poisons.
                  | (rPois) [Xom's mischief]
  1569 | D:2      | Gained mutation: You are partially covered in slimy green
                  | scales. (AC +2) [Xom's mischief]
  2055 | D:3      | XOM: noise
  2081 | D:3      | Reached XP level 4. HP: 44/44 MP: 3/3
  2258 | D:3      | XOM: enchant monster (bad)
  2266 | D:3      | Reached skill level 1 in Armour
  2333 | D:3      | XOM: 5-stop teleportation journey
  2343 | D:3      | Reached XP level 5. HP: 52/52 MP: 4/4
  2704 | D:3      | XOM: give mutation
  2704 | D:3      | Gained mutation: You are clumsy. (Dex -2) [Xom's mischief]
  2896 | D:3      | Found a shimmering blue altar of Sif Muna.
  3017 | D:4      | Noticed a sky beast
  3040 | D:4      | Killed a sky beast
  3040 | D:4      | Reached skill level 3 in Fighting
  3040 | D:4      | Reached XP level 6. HP: 35/61 MP: 5/5
  3041 | D:4      | XOM: confuse monster(s)
  3069 | D:4      | Reached skill level 5 in Unarmed Combat
  3313 | D:4      | Noticed Pikel
  3313 | D:4      | Noticed a slave
  3313 | D:4      | Noticed a slave
  3313 | D:4      | Noticed a slave
  3313 | D:4      | Noticed a slave
  3323 | D:4      | XOM: confuse monster(s)
  3330 | D:4      | Killed Pikel
  3330 | D:4      | Reached XP level 7. HP: 15/67 MP: 6/6
  3540 | D:4      | XOM: harmless Erth miscast
  3795 | D:4      | XOM: divination: detect creatures
  3860 | D:4      | XOM: give mutation
  3860 | D:4      | Gained mutation: You are frail. (-10% HP) [Xom's mischief]
  3899 | D:4      | XOM: give mutations
  3899 | D:4      | Gained mutation: Your muscles are strong. (Str +2) [Xom's
                  | grace]
  3899 | D:4      | Gained mutation: You are resistant to hostile enchantments.
                  | (MR+) [Xom's grace]
  4000 | D:5      | Entered Level 5 of the Dungeon
  4034 | D:5      | Reached XP level 8. HP: 55/67 MP: 7/7
  4082 | D:5      | XOM: medium Tloc miscast
  4144 | D:5      | XOM: 1-stop teleportation journey
  4316 | D:5      | XOM: 2-stop teleportation journey
  4326 | D:5      | Found a sparkling altar of Nemelex Xobeh.
  4393 | D:5      | Found a staircase to the Ecumenical Temple.
  4606 | D:5      | XOM: cloud trail
  4682 | D:5      | XOM is BORED!
  4682 | D:5      | XOM: medium Pois miscast
  4796 | D:5      | Found an ornate altar of the Wu Jian Council.
  4797 | D:5      | Found a snail-covered altar of Cheibriados.
  4849 | D:5      | Reached skill level 4 in Fighting
  5237 | D:6      | Found Geapecid's Gadget Emporium.
  5237 | D:6      | Noticed Duvessa
  5237 | D:6      | Noticed Dowan
  5243 | D:6      | Killed Dowan
  5254 | D:6      | Killed Duvessa
  5262 | D:6      | XOM: mild Tmut miscast
  5342 | D:6      | Noticed Edmund
  5347 | D:6      | Killed Edmund
  5347 | D:6      | Reached skill level 5 in Fighting
  5598 | D:6      | XOM: noise
  5753 | D:6      | XOM: potion effect (might)
  5759 | D:6      | Reached skill level 6 in Fighting
  5850 | D:6      | XOM: swap monsters
  5903 | D:6      | XOM: give mutations
  5903 | D:6      | Gained mutation: You have large cloven feet. [Xom's
                  | mischief]
  5903 | D:6      | Gained mutation: Scrolls take you a little longer to read.
                  | [Xom's mischief]
  5903 | D:6      | Lost mutation: Scrolls take you a little longer to read.
                  | [Xom's mischief]
  5903 | D:6      | Gained mutation: You have supernaturally acute eyesight.
                  | (SInv) [Xom's mischief]
  5903 | D:6      | Gained mutation: Armour fits poorly on your strangely
                  | shaped body. [Xom's mischief]
  5949 | D:6      | XOM: harmless Hex miscast
  6127 | D:7      | XOM: medium Hex miscast
  6128 | D:7      | XOM: repel stairs
  6134 | D:7      | Reached XP level 9. HP: 82/82 MP: 8/8
  6160 | D:7      | XOM: medium Tloc miscast
  6166 | D:7      | XOM: divination: detect items
  6172 | D:7      | XOM: confuse monster(s)
  6191 | D:7      | HP: 3/82 [wight/cursed +3 spear (2)]
  6196 | D:7      | HP: 2/82 [wight/+0 dagger (4)]
  6226 | D:7      | Reached skill level 7 in Fighting
  6337 | D:7      | XOM: scenery: create altars
  6340 | D:7      | XOM: polymorph ooze -> killer bee
  6412 | D:7      | XOM: polymorph kobold -> gnoll
  6566 | D:7      | XOM: harmless Hex miscast
  6620 | D:7      | XOM: blink monster(s)
  6621 | D:7      | XOM: swap monsters
  6656 | D:7      | XOM: mild Chrm miscast
  6741 | D:7      | Reached skill level 8 in Fighting
  6763 | D:7      | XOM: divination: detect creatures
  6838 | D:7      | XOM: harmless Summ miscast
  7058 | D:8      | HP: 1/86 [centaur/arrow (12)]
  7058 | D:8      | Shot with an arrow by a centaur

Levels and vault maps discovered:
D:1:      minmay_arrival_solitary_statue, layout_basic, serial_forest,
          infiniplex_forest_clump_long, infiniplex_forest_zigzag_2,
          infiniplex_forest_clump_small, infiniplex_forest_corner_1,
          infiniplex_forest_corner_1
D:2:      layout_loops_ring, first_ration, kennysheep_generic_room_9
D:3:      layout_basic, led_sif_book
D:4:      layout_cave_pools, hangedman_abyss_or_decor_stabs, uniq_pikel
D:5:      layout_basic, nemelex_altar_shiori, gammafunk_temple_overflow_statue,
          minmay_temple_entry_statues_pillars, dk_vineyard_1,
          kennysheep_windowed_goal
D:6:      layout_gridville, serial_shops, shop, uniq_edmund, uniq_duvessa
D:7:      layout_cave_pools, chequers_serial_rivers_large_b
D:8:      layout_rooms, grunt_livestock

Skill      XL: |  1  2  3  4  5  6  7  8  9 |
---------------+----------------------------+-----
Dodging        | 2 3 4 |  4.2
Armour         | 1 2 3 |  3.4
Unarmed Combat | 4 6 7 |  7.3
Fighting       | 3 6 8 |  8.3
Stealth        | |  0.3

Action                   |  1- 3 |  4- 6 |  7- 9 || total
-------------------------+-------+-------+-------++-------
Melee: Unarmed           |   140 |   118 |   233 ||   491
       Punch             |     3 |     5 |     8 ||    16
       Kick              |       |       |    23 ||    23
  Use: Scroll            |       |       |     2 ||     2
 Stab: Confused          |       |       |     1 ||     1
  Eat: Chunk             |     8 |    10 |    27 ||    45
       Ration            |     3 |       |     3 ||     6
Armor: Robe              |    60 |   111 |    97 ||   268
Dodge: Dodged            |    87 |   103 |   153 ||   343
